 Dungeon Crawl Stone Soup version 0.22-a0-99-g1ac4c55 (webtiles) character file.

142 mortelune the Firebug (level 5, -3/38 HPs)
             Began as a Draconian Fire Elementalist on Jan 25, 2018.
             Slain by mortelune's ghost (13 damage)
             ... on level 3 of the Dungeon.
             The game lasted 00:07:58 (3547 turns).

mortelune the Firebug (Draconian Fire Elementalist) Turns: 3547, Time: 00:07:59

Health: -3/38      AC:  5    Str: 10    XL:     5   Next: 4%
Magic:  7/9        EV: 14    Int: 17    God:
Gold:   94         SH:  0    Dex: 11    Spells: 3/9 levels left

rFire    . . .     SeeInvis +   i - +1 hand axe (chop)
rCold    . . .     Gourm    .   (no shield)
rNeg     . . .     Faith    .   (armour unavailable)
rPois    .         Spirit   .   (helmet restricted)
rElec    .         Reflect  .   (no cloak)
rCorr    .         Harm     .   (no gloves)
MR       .....                  (no boots)
Stlth    ++........             (no amulet)
HPRegen  0.12/turn              g - +2 ring of evasion
MPRegen  0.11/turn              k - ring of see invisible

@: about to teleport
A: unfitting armour, cold-blooded, AC +5
a: no special abilities


You were on level 3 of the Dungeon.
You were not hungry.

You visited 1 branch of the dungeon, and saw 3 of its levels.

You collected 94 gold pieces.

Inventory:

Hand Weapons
 d - a +0 club
 f - a +0 short sword
 i - a +1 hand axe of chopping (weapon)
 m - a +0 rapier
Jewellery
 g - a +2 ring of evasion (left hand)
 k - a ring of see invisible (right hand)
Scrolls
 c - 3 scrolls of remove curse
 p - a scroll of enchant weapon {unknown}
 r - a scroll of random uselessness {unknown}
 u - a scroll of immolation {unknown}
Potions
 e - 2 potions of agility
 j - a potion of brilliance
 l - a potion of curing
 s - a potion of lignification
Books
 a - a book of Flames

   Spells                             Type                      Level
   a - Flame Tongue                   Conjuration/Fire             1
   b - Throw Flame                    Conjuration/Fire             2
   c - Conjure Flame                  Conjuration/Fire             3
   d - Inner Flame                    Hexes/Fire                   3
   e - Sticky Flame                   Conjuration/Fire             4
   f - Fireball                       Conjuration/Fire             5
Comestibles
 b - 4 rations


   Skills:
 - Level 1.7 Dodging
 - Level 1.7 Stealth
 + Level 2.9 Spellcasting
 * Level 3.5 Conjurations
 + Level 3.8 Fire Magic


You had 3 spell levels left.
You knew the following spells:

 Your Spells              Type           Power        Failure   Level  Hunger
a - Flame Tongue          Conj/Fire      ###..        3%          1    None
b - Throw Flame           Conj/Fire      ###...       6%          2    ##.....
c - Conjure Flame         Conj/Fire      ###.....     12%         3    ###....


Dungeon Overview and Level Annotations

Branches:
Dungeon (3/15)

Altars:
Okawaru
Trog

Annotations:
D:3 mortelune's ghost, amateur DrFE


Innate Abilities, Weirdness & Mutations

Your plain brown scales are hard. (AC +5)
You cannot fit into any form of body armour.
You are cold-blooded and may be slowed by cold attacks.


Message History

The puff of flame hits you!
As you read the scroll labeled GIWEOZU ONWIO, it crumbles to dust.
It is a scroll of enchant armour.
You aren't carrying any armour which can be enchanted further.
Mortelune's ghost casts a spell at you. The puff of flame hits you!
* * * LOW HITPOINT WARNING * * *
You feel better.
Mortelune's ghost points at you and mumbles some strange words.
The puff of flame hits you!
* * * LOW HITPOINT WARNING * * *
You feel better.
Mortelune's ghost hits you but does no damage.
As you read the scroll labeled YFYISENGUW, it crumbles to dust.
You assume a fearsome visage.
Mortelune's ghost is unaffected.
It was a scroll of fear.
Mortelune's ghost misses you.
As you read the scroll labeled ZOCSICK DAALO, it crumbles to dust.
You feel strangely unstable.
It was a scroll of teleportation.
Mortelune's ghost hits you!
You die...

#..#.##.#
#.....#
#..#.##.#
#....<#
#..#.##.#
#######
#..#.##.# ##
#.......#####
#.#
###.#.......#
#.#
#...#####.#
#.# #####
#)####.#
#...@W#
######.# #.#
#.# #.# ##


You could see mortelune's ghost.

Vanquished Creatures
  An orc priest (D:3)
  2 gnolls (D:2)
  An adder (D:2)
  2 oozes
  2 worms (D:2)
  2 dart slugs
  6 leopard geckos
  6 orcs
  2 giant cockroaches (D:2)
  5 goblins
  5 hobgoblins
  A jackal (D:2)
  A ball python (D:3)
  9 bats
  3 frilled lizards
  6 kobolds
  2 rats
56 creatures vanquished.

Notes
Turn   | Place    | Note
-------+----------+-------------------------------------------
     0 | D:1      | mortelune the Draconian Fire Elementalist began the quest for the Orb.
     0 | D:1      | Reached XP level 1. HP: 14/14 MP: 3/3
   238 | D:1      | Reached XP level 2. HP: 20/20 MP: 3/5
   242 | D:1      | Learned a level 2 spell: Throw Flame
  1445 | D:2      | Reached XP level 3. HP: 26/26 MP: 4/6
  1773 | D:2      | Noticed a phantom
  1888 | D:2      | Reached XP level 4. HP: 24/33 MP: 0/7
  1893 | D:2      | Learned a level 3 spell: Conjure Flame
  2742 | D:2      | Found a bloodstained altar of Trog.
  3003 | D:2      | Found an iron altar of Okawaru.
  3285 | D:3      | Reached XP level 5. HP: 23/38 MP: 0/9
  3462 | D:3      | Noticed mortelune's ghost (amateur DrFE)
  3547 | D:3      | Slain by mortelune's ghost

Vault maps used:
D:1:      sevenhm_arrival_forest_fort_small_4
D:2:      minmay_door_path, okawaru_altar_gauntlet_db,
          nicolae_overflow_hidden_temple, first_ration

Skill      XL: |  1  2  3  4 |
---------------+-------------+-----
Conjurations   | 2 3 |  3.5
Dodging        | |  1.7
Stealth        | |  1.7
Spellcasting   | |  2.9
Fire Magic     | |  3.8

Action                   |  1- 3 |  4- 6 || total
-------------------------+-------+-------++-------
Melee: Short sword       |    20 |       ||    20
       Tailslap          |     3 |       ||     3
       Hand axe          |       |     9 ||     9
       Rapier            |       |     1 ||     1
 Cast: Flame Tongue      |    44 |    38 ||    82
       Throw Flame       |     9 |     8 ||    17
  Use: Scroll            |       |     8 ||     8
       Potion            |       |     2 ||     2
  Eat: Ration            |     1 |       ||     1
       Chunk             |       |     6 ||     6
Armor: Skin              |     8 |     8 ||    16
Dodge: Dodged            |    37 |    30 ||    67

Table legend:
 A = Spawn XP
 B = Non-spawn XP
 C = Spawn XP percentage of total XP
 D = Spawn monster count
 E = Non-spawn monster count
 F = Spawn count percentage of total count
 G = Total turns spent on level
                    A         B        C        D         E        F      G
               +---------+---------+-------+---------+---------+-------+---------
         Total |       0 |     204 |   0.0 |       0 |      56 |   0.0 |  3547
               +---------+---------+-------+---------+---------+-------+---------
           D:1 |       0 |      40 |   0.0 |       0 |      19 |   0.0 |  1431
           D:2 |       0 |      92 |   0.0 |       0 |      23 |   0.0 |  1606
           D:3 |       0 |      72 |   0.0 |       0 |      14 |   0.0 |   510
               +---------+---------+-------+---------+---------+-------+---------
